 Dungeon Crawl Stone Soup version 0.31.0-7-gf635a9b802 (webtiles) character file.

Game seed: 10479846871484635127

18 jagang the Slasher (level 2, -1/24 HPs)
             Began as a Human Monk on Jan 23, 2024.
             Slain by a gnoll
             ... wielding a +0 spear
              (4 damage)
             ... on level 1 of the Dungeon.
             The game lasted 00:01:56 (600 turns).

jagang the Slasher (Human Monk)                      Turns: 600, Time: 00:01:57

Health: -1/24      AC:  3    Str: 11    XL:     2   Next: 70%
Magic:  2/2        EV: 13    Int: 10    God:
Gold:   24         SH:  0    Dex: 15    Spells: 1/1 levels left

rFire   . . .        a - +0 falchion
rCold   . . .        d - orb {light}
rNeg    . . .        b - +0 robe
rPois   .            i - +0 helmet
rElec   .            (no cloak)
rCorr   .            (no gloves)
SInv    .            (no boots)
Will    .....        (no amulet)
Stlth   +            (no ring)
HPRegen 0.24/turn    (no ring)
MPRegen 0.08/turn

%: no passive effects
@: glowing
A: explore regen
a: no special abilities


You were on level 1 of the Dungeon.
You visited 1 branch of the dungeon, and saw 1 of its levels.

You collected 24 gold pieces.

Inventory:

Hand Weapons
 a - a +0 falchion (weapon)
Missiles
 e - 6 boomerangs (quivered)
Armour
 b - a +0 robe (worn)
 d - an orb of light (worn)
 i - a +0 helmet (worn)
Potions
 c - a potion of ambrosia
 f - a potion of haste {unknown}
 g - a potion of brilliance {unknown}
 h - a potion of enlightenment {unknown}


   Skills:
 * Level 3.2 Fighting
 * Level 3.2 Long Blades
 + Level 0.4 Throwing
 * Level 1.0 Armour
 - Level 3.0 Dodging


You had one spell level left.
You didn't know any spells.
Your spell library contained the following spells:

 Spells                   Type           Power      Damage    Failure   Level
 Apportation              Tloc           0%         N/A       36%         1
 Necrotise                Necr           0%         1d4       36%         1
 Sting                    Conj/Alch      0%         1d3       36%         1
 Summon Small Mammal      Summ           0%         N/A       36%         1


Dungeon Overview and Level Annotations

Branches:
Dungeon (1/15)

Altars:


Innate Abilities, Weirdness & Mutations

You regain HP and MP as you explore.


Message History

A ball python comes into view.
Found a grey potion and a book of the Senses.
The ball python hisses angrily.
You hear a shout!
A gnoll comes into view. It is wielding a +0 spear.
The dart slug launches a dart at you. The slug dart misses you.
The gnoll shouts!
You hit the ball python.
You kill the ball python!
The dart slug launches a dart at you. The slug dart hits you.
Your Armour skill increases to level 1!
An endoplasm comes into view.
You slash the dart slug!
The dart slug is severely wounded.
The dart slug launches a dart at you. The slug dart hits you.
You hit the dart slug.
The dart slug is almost dead.
The gnoll hits you from afar with a +0 spear!
The dart slug bites you but does no damage.
The gnoll closely misses you.
The endoplasm hits the plant.
The plant begins to die.
You are too injured to fight recklessly!
You are too injured to fight recklessly!
You slash the dart slug!
You kill the dart slug!
The endoplasm hits the plant.
The plant begins to die.
The gnoll hits you but does no damage. The gnoll hits you with a +0 spear.
* * * LOW HITPOINT WARNING * * *
The endoplasm hits the plant.
You slash the gnoll!
The gnoll is heavily wounded.
The gnoll hits you with a +0 spear.
* * * LOW HITPOINT WARNING * * *
You hit the gnoll.
The gnoll is almost dead.
A nearby plant withers and dies.
The gnoll hits you with a +0 spear.
You die...

#.....#.##.#.# #.^.#.#
#.....#.##.#.#.##..#.#
#######.##..#P#.P..#.#
........##...#.##..#.#
.)>...........#....#.#
....).####.#...##....#
......# #.##......#.#
# ......#
#.#####..##....
####### #.# #.@†....##
#.# #..gPP.P.... #.#
#.......PJ.# #.#
#[.P...PP..#
#:P...PP..!#
#.P.P...P...
#.PPPP.PP.#.
...PP.PP..#


You could see a gnoll and an endoplasm.

Vanquished Creatures
  A dart slug (D:1)
  2 ball pythons (D:1)
  An endoplasm (D:1)
  2 giant cockroaches (D:1)
  3 goblins (D:1)
  A hobgoblin (D:1)
  A quokka (D:1)
  3 bats (D:1)
  A rat (D:1)
15 creatures vanquished.

Notes
Turn   | Place    | Note
-------+----------+-------------------------------------------
     0 | D:1      | jagang the Human Monk began the quest for the Orb.
     0 | D:1      | Reached XP level 1. HP: 18/18 MP: 1/1
   259 | D:1      | Reached XP level 2. HP: 23/24 MP: 2/2
   572 | D:1      | Found a faded altar of an unknown god.
   581 | D:1      | Got Plato's Codex of Necromancy
   594 | D:1      | Reached skill level 1 in Armour
   600 | D:1      | Slain by a gnoll

Illustrated notes

Levels and vault maps discovered:
D:1:      minmay_arrival_semitransparent, layout_basic,
          shapermc_ecumenical_altar_rom_forum, chequers_serial_rivers_room_b,
          st_stairs_12, nicolae_grassy_gnolls

Skill      XL: |  1  2 |
---------------+-------+-----
Armour         | 1 |  1.0
Fighting       | |  3.2
Long Blades    | |  3.2
Throwing       | |  0.4
Dodging        | |  3.0

Action                     || total
---------------------------++-------
  Melee: Falchion          ||    42
  Throw: Boomerang         ||     4
 Armour: Robe              ||    31
  Dodge: Dodged            ||    34
